[ PARTIDA AOE2 · #494542220 ]
UnrankedBengalíes vs Georgians
Equipo del jugador · VICT
Equipo rival · DERR
[ ANÁLISIS DE REPETICIÓN · EXTRAÍDO DE LA PARTIDA GRABADA ]
Feudal
10:30
Castillos
17:29
Imperial
—
| APM promedio | 41.7 |
| APM pico | 71 |
| eAPM promedio | 22.7 |
| Aldeanos / militares | 28 / 0 |
Foco
⚔️ 38.4% · 🌾 61.6%
Feudal
8:26
Castillos
—
Imperial
—
| APM promedio | 129.1 |
| APM pico | 231 |
| eAPM promedio | 72.0 |
| Aldeanos / militares | 50 / 7 |
Foco
⚔️ 78.4% · 🌾 21.6%
Scout Cavalry ×7
Mapa de la partida
Recursos iniciales + cada clic de construcción. Líneas = muros · curvas = relieve. ◆ oro · ⬟ piedra · ● bayas · ✦ reliquia · ◌ hueco del cierre
Tu base· ✓ Cerrada en 17:29 · 56t muro · frágil
Base de [VL] Xite· Abierta — el rival se encerró
Terreno inicial suavizado · ◌ = hueco del cierre detectado · pasá el cursor para detalles
Inputs por minuto
— Y - - [VL] Xite
Build order — Y
61 acciones detectadas en el replay
| 0:00 | Crear | Villager (Male) |
| 0:00 | Crear | Villager (Male) |
| 0:01 | Crear | Villager (Male) |
| 0:02 | Construir | House |
| 0:03 | Construir | House |
| 0:11 | Crear | Villager (Male) |
| 1:25 | Crear | Villager (Male) |
| 1:48 | Crear | Villager (Male) |
| 1:56 | Construir | Lumber Camp |
| 2:12 | Crear | Villager (Male) |
| 2:33 | Crear | Villager (Male) |
| 2:58 | Construir | House |
| 3:05 | Crear | Villager (Male) |
| 3:20 | Crear | Villager (Male) |
| 3:58 | Crear | Villager (Male) |
| 4:00 | Construir | Mill |
| 4:13 | Crear | Villager (Male) |
| 4:35 | Crear | Villager (Male) |
| 4:52 | Construir | Palisade Wall |
| 5:04 | Crear | Villager (Male) |
| 5:09 | Construir | House |
| 5:31 | Crear | Villager (Male) |
| 5:45 | Crear | Villager (Male) |
| 5:49 | Construir | Palisade Wall |
| 6:21 | Crear | Villager (Male) |
| 7:04 | Crear | Villager (Male) |
| 7:09 | Crear | Villager (Male) |
| 7:27 | Construir | Mining Camp |
| 7:40 | Construir | Palisade Wall |
| 7:42 | Construir | Palisade Wall |
| 7:49 | Investigar | Loom |
| 8:00 | Construir | Palisade Wall |
| 8:02 | Construir | Palisade Wall |
| 8:04 | Construir | Palisade Wall |
| 8:06 | Construir | Palisade Wall |
| 8:12 | Construir | Palisade Wall |
| 8:16 | Investigar | Feudal Age |
| 8:23 | Construir | Palisade Wall |
| 8:25 | Construir | Palisade Wall |
| 8:53 | Crear | Villager (Male) |
| 9:12 | Construir | Palisade Wall |
| 9:22 | Crear | Villager (Male) |
| 10:28 | Construir | House |
| 10:30 | Edad | Edad Feudal |
| 10:55 | Construir | Market |
| 11:01 | Construir | Watch Tower |
| 11:30 | Crear | Villager (Male) |
| 11:55 | Crear | Villager (Male) |
| 11:59 | Construir | Blacksmith |
| 12:13 | Construir | Watch Tower |
| 12:13 | Crear | Villager (Male) |
| 12:58 | Crear | Villager (Male) |
| 13:03 | Construir | House |
| 13:05 | Construir | Palisade Wall |
| 13:15 | Crear | Villager (Male) |
| 14:11 | Crear | Villager (Male) |
| 14:49 | Investigar | Castle Age |
| 14:56 | Construir | Watch Tower |
| 17:25 | Crear | Villager (Male) |
| 17:29 | Edad | Edad de los Castillos |
| 17:37 | Construir | Castle |
Build order — [VL] Xite
122 acciones detectadas en el replay
| 0:01 | Crear | Villager (Male) |
| 0:02 | Crear | Villager (Male) |
| 0:03 | Construir | House |
| 0:04 | Construir | House |
| 0:08 | Crear | Villager (Male) |
| 0:15 | Crear | Villager (Male) |
| 1:30 | Crear | Villager (Male) |
| 2:01 | Crear | Villager (Male) |
| 2:14 | Crear | Villager (Male) |
| 2:42 | Crear | Villager (Male) |
| 3:01 | Crear | Villager (Male) |
| 3:16 | Crear | Villager (Male) |
| 3:29 | Crear | Villager (Male) |
| 3:59 | Construir | House |
| 3:59 | Construir | House |
| 4:13 | Crear | Villager (Male) |
| 4:13 | Crear | Villager (Male) |
| 4:14 | Crear | Villager (Male) |
| 4:43 | Crear | Villager (Male) |
| 4:44 | Investigar | Loom |
| 4:48 | Construir | Mill |
| 6:11 | Investigar | Feudal Age |
| 6:11 | Investigar | Feudal Age |
| 7:03 | Crear | Villager (Male) |
| 7:18 | Construir | Barracks |
| 8:26 | Edad | Edad Feudal |
| 8:33 | Crear | Villager (Male) |
| 8:42 | Construir | House |
| 8:48 | Construir | Stable |
| 8:50 | Crear | Villager (Male) |
| 9:02 | Crear | Villager (Male) |
| 9:07 | Investigar | Double-Bit Axe |
| 9:16 | Crear | Villager (Male) |
| 9:24 | Construir | Mule Cart |
| 9:27 | Crear | Villager (Male) |
| 9:37 | Crear | Scout Cavalry |
| 9:37 | Crear | Scout Cavalry |
| 9:50 | Construir | House |
| 10:05 | Construir | Farm |
| 10:07 | Crear | Villager (Male) |
| 10:16 | Crear | Scout Cavalry |
| 10:16 | Crear | Scout Cavalry |
| 10:17 | Crear | Villager (Male) |
| 10:17 | Crear | Villager (Male) |
| 10:23 | Construir | Farm |
| 10:41 | Construir | Watch Tower |
| 10:51 | Crear | Villager (Male) |
| 11:08 | Construir | Palisade Wall |
| 11:08 | Construir | Palisade Wall |
| 11:11 | Construir | Palisade Wall |
| 11:12 | Construir | Palisade Wall |
| 11:12 | Construir | Palisade Wall |
| 11:13 | Construir | Palisade Wall |
| 11:22 | Crear | Villager (Male) |
| 11:23 | Construir | House |
| 11:28 | Construir | Watch Tower |
| 11:39 | Construir | Farm |
| 11:50 | Crear | Villager (Male) |
| 11:52 | Construir | Farm |
| 12:23 | Crear | Villager (Male) |
| 12:42 | Crear | Villager (Male) |
| 12:57 | Crear | Villager (Male) |
| 12:57 | Crear | Villager (Male) |
| 13:02 | Construir | Farm |
| 13:09 | Crear | Villager (Male) |
| 13:12 | Construir | House |
| 13:34 | Crear | Villager (Male) |
| 13:34 | Crear | Villager (Male) |
| 13:54 | Construir | Palisade Wall |
| 13:55 | Crear | Villager (Male) |
| 14:09 | Crear | Villager (Male) |
| 14:30 | Construir | Watch Tower |
| 14:32 | Construir | House |
| 14:33 | Crear | Villager (Male) |
| 14:37 | Crear | Villager (Male) |
| 14:51 | Construir | House |
| 14:51 | Crear | Villager (Male) |
| 14:57 | Construir | Market |
| 15:01 | Crear | Villager (Male) |
| 15:08 | Crear | Scout Cavalry |
| 15:11 | Construir | Palisade Wall |
| 15:14 | Crear | Villager (Male) |
| 15:20 | Construir | Farm |
| 15:29 | Investigar | Horse Collar |
| 15:31 | Crear | Villager (Male) |
| 15:33 | Crear | Villager (Male) |
| 15:35 | Construir | House |
| 15:50 | Crear | Villager (Male) |
| 16:00 | Construir | Watch Tower |
| 16:00 | Crear | Villager (Male) |
| 16:03 | Construir | House |
| 16:07 | Construir | Farm |
| 16:07 | Construir | Farm |
| 16:07 | Construir | Farm |
| 16:08 | Construir | Farm |
| 16:08 | Construir | Farm |
| 16:08 | Construir | Farm |
| 16:08 | Construir | Farm |
| 16:08 | Construir | Farm |
| 16:08 | Construir | Farm |
| 16:09 | Construir | Farm |
| 16:13 | Crear | Scout Cavalry |
| 16:15 | Crear | Scout Cavalry |
| 16:21 | Construir | House |
| 16:24 | Construir | House |
| 16:28 | Construir | Palisade Wall |
| 16:29 | Construir | Palisade Wall |
| 16:40 | Construir | Mule Cart |
| 16:45 | Construir | Palisade Wall |
| 16:46 | Construir | Palisade Wall |
| 16:51 | Crear | Villager (Male) |
| 16:52 | Crear | Villager (Male) |
| 16:53 | Construir | Palisade Wall |
| 17:06 | Crear | Villager (Male) |
| 17:20 | Crear | Villager (Male) |
| 17:34 | Crear | Villager (Male) |
| 17:35 | Construir | Farm |
| 17:36 | Construir | Farm |
| 17:36 | Construir | Farm |
| 17:36 | Construir | Farm |
| 17:36 | Construir | Farm |
| 17:37 | Construir | Farm |
Cronología de la partida
| 4:52 | Y · wall_segment Palisade Wall x5 |
| 5:49 | Y · wall_segment Palisade Wall x14 |
| 7:18 | [VL] Xite · first_building Barracks |
| 7:40 | Y · wall_segment Palisade Wall x10 |
| 7:42 | Y · wall_segment Palisade Wall x5 |
| 8:00 | Y · wall_segment Palisade Wall x4 |
| 8:02 | Y · wall_segment Palisade Wall x1 |
| 8:04 | Y · wall_segment Palisade Wall x1 |
| 8:06 | Y · wall_segment Palisade Wall x9 |
| 8:12 | Y · wall_segment Palisade Wall x3 |
| 8:23 | Y · wall_segment Palisade Wall x1 |
| 8:25 | Y · wall_segment Palisade Wall x1 |
| 8:26 | [VL] Xite · age_up feudal |
| 8:48 | [VL] Xite · first_building Stable |
| 9:12 | Y · wall_segment Palisade Wall x4 |
| 10:30 | Y · age_up feudal |
| 11:08 | [VL] Xite · wall_segment Palisade Wall x1 |
| 11:08 | [VL] Xite · wall_segment Palisade Wall x1 |
| 11:11 | [VL] Xite · wall_segment Palisade Wall x1 |
| 11:12 | [VL] Xite · wall_segment Palisade Wall x1 |
| 11:12 | [VL] Xite · wall_segment Palisade Wall x1 |
| 11:13 | [VL] Xite · wall_segment Palisade Wall x1 |
| 13:05 | Y · wall_segment Palisade Wall x1 |
| 13:54 | [VL] Xite · wall_segment Palisade Wall x1 |
| 14:35 | Y · first_market_sell 100 stone |
| 14:36 | Y · first_market_buy 100 food |
| 15:11 | [VL] Xite · wall_segment Palisade Wall x1 |
| 16:28 | [VL] Xite · wall_segment Palisade Wall x1 |
| 16:29 | [VL] Xite · wall_segment Palisade Wall x1 |
| 16:45 | [VL] Xite · wall_segment Palisade Wall x1 |
| 16:46 | [VL] Xite · wall_segment Palisade Wall x1 |
| 16:53 | [VL] Xite · wall_segment Palisade Wall x1 |
| 17:29 | Y · age_up castle |
| 17:37 | Y · first_building Castle |
| 17:47 | [VL] Xite · resign |
[ ANÁLISIS IA · 1 CRÉDITO ]
¿Qué pasó realmente en esta partida?
Wolo.gg analiza cada decisión: build order, eco, micro, errores típicos por bracket. Análisis personalizado por WhatsApp o Discord en 30 segundos.
Guía civ
Bengalíes
Perfil
Jugador #1016523